 Dungeon Crawl Stone Soup version 0.27-a0-951-gae3e1deef5 (webtiles) character file.

Game seed: 15408787820015665647

46 shoop the Insei (level 3, 0/28 HPs)
             Began as a Demigod Transmuter on Apr 11, 2021.
             Killed by divine providence
             ... invoked by an orc priest
              (11 damage)
             ... on level 2 of the Dungeon.
             The game lasted 00:02:03 (1345 turns).

shoop the Insei (Demigod Transmuter)                Turns: 1345, Time: 00:02:04

Health: 0/28       AC:  3    Str: 11    XL:     3   Next: 27%
Magic:  8/8        EV: 12    Int: 19    God:
Gold:   38         SH:  0    Dex: 14    Spells: 2/6 levels left

rFire    . . .     SeeInvis .     - Unarmed
rCold    . . .     Faith    .   (no shield)
rNeg     . . .     Spirit   .   a - +0 robe
rPois    .         Reflect  .   (helmet currently unavailable)
rElec    .         Harm     .   k - +0 cloak
rCorr    .         Rampage  .   (no gloves)
Will     .....                  (boots currently unavailable)
Stlth    ++........             (no amulet)
HPRegen  0.09/turn              (no ring)
MPRegen  0.11/turn              (no ring)

@: appendages (expiring)
A: horns 2, talons 2, high mp 1, forlorn
a: End Transformation


You were on level 2 of the Dungeon.
You had temporarily grown beastly horns and talons.
You visited 1 branch of the dungeon, and saw 2 of its levels.

You collected 38 gold pieces.

Inventory:

Armour
 a - a +0 robe (worn)
 f - a +0 pair of boots (melded)
 k - a +0 cloak (worn)
Scrolls
 b - a scroll of immolation {unknown}
 c - a scroll of vulnerability {unknown}
 g - a scroll of teleportation {unknown}
 i - a scroll of noise {unknown}
Potions
 d - a potion of brilliance {unknown}
 e - a potion of curing {unknown}
 h - a potion of haste {unknown}
 j - a potion of invisibility {unknown}


   Skills:
 + Level 1.4 Fighting
 - Level 2.0 Dodging
 - Level 1.0 Stealth
 + Level 3.0 Unarmed Combat
 - Level 2.0 Spellcasting
 - Level 2.0 Transmutations
 + Level 1.2 Poison Magic


You had 2 spell levels left.
You knew the following spells:

 Your Spells              Type           Power      Damage    Failure   Level
a - Beastly Appendage     Tmut           18%        N/A       8%          1
b - Spider Form           Tmut/Pois      3%         N/A       26%         3

Your spell library contained the following spells:

 Spells                   Type           Power      Damage    Failure   Level
 Wereblood                Tmut           9%         N/A       11%         2
 Ice Form                 Ice/Tmut       5%         N/A       73%         4
 Hydra Form               Tmut           4%         N/A       90%         5


Dungeon Overview and Level Annotations

Branches:
Dungeon (2/15)


Innate Abilities, Weirdness & Mutations

You have temporarily grown beastly horns and talons.
Your attributes grow dramatically as you level up.
You have an increased reservoir of magic. (+10% MP)
You shall have no god before yourself.


Message History

The quokka is severely wounded.
The quokka misses you.
You closely miss the quokka. You claw the quokka.
You kill the quokka!
No target in view!
No target in view!
You see here a +0 cloak.
k - a +0 cloak Your horns disappear.
Your talons disappear.
Your +0 pair of boots unmelds from your body.
You start putting on your armour.
You continue putting on your +0 cloak. x4
You finish putting on your +0 cloak.
Found an escape hatch in the floor.
A rat comes into view.
Found 11 sling bullets.
You see here a smoky orange potion.
A rat is nearby!
Casting: Beastly Appendage (safe; 8% risk of failure)
Confirm with . or Enter, or press ? or * to list all spells.
You grow a pair of large bovine horns.
Your feet morph into talons.
Your +0 pair of boots melds into your body.
Your transformation is almost over.
A kobold comes into view. It is wielding a +0 short sword.
Found a glowing silvery potion.
An orc priest comes into view. It is wielding a +0 flail.
The kobold shouts!
The orc priest shouts!
You hear a shout! x2
The rat closely misses you.
A quokka comes into view.
You hit the rat.
You kill the rat!
An orc wizard comes into view. It is wielding a +0 dagger.
The orc wizard shouts!
The orc priest hits you with a +0 flail!
The kobold hits you with a +0 short sword.
You see here 11 sling bullets.
You barely miss the orc priest. The quokka bites you.
The kobold hits you with a +0 short sword.
The orc priest calls down the wrath of Beogh upon you.
Beogh smites you!
You die...

....†......# ...........#
#.# #.
......<....######>###.#.#
.######.##.............##
. #.##.##...........# #
#.##.##.###.##...#..
##.##.##............
.......!.###....#.#
##.##.#.#..@rK....#
#..###.##(....# ...#
##.#oo.....# ###.
##...!.### # ......#
.##.#.# .. .#.# .. .. #
### ###


You could see an orc priest, a quokka and a kobold.

Vanquished Creatures
  An adder (D:2)
  A dart slug (D:1)
  An endoplasm (D:1)
  A giant cockroach (D:1)
  5 goblins (D:1)
  3 hobgoblins
  4 jackals (D:1)
  3 kobolds
  2 quokkas (D:2)
  3 ball pythons (D:1)
  3 bats (D:1)
  3 frilled lizards (D:1)
  A rat (D:2)
31 creatures vanquished.

Notes
Turn   | Place    | Note
-------+----------+-------------------------------------------
     0 | D:1      | shoop the Demigod Transmuter began the quest for the Orb.
     0 | D:1      | Reached XP level 1. HP: 15/15 MP: 5/5
   122 | D:1      | Reached skill level 1 in Fighting
   239 | D:1      | Reached XP level 2. HP: 22/23 MP: 7/7
   984 | D:2      | Reached skill level 1 in Stealth
   984 | D:2      | Reached skill level 1 in Poison Magic
   984 | D:2      | Reached XP level 3. HP: 25/28 MP: 6/8
   988 | D:2      | Learned a level 3 spell: Spider Form
  1121 | D:2      | Reached skill level 3 in Unarmed Combat
  1345 | D:2      | Killed from afar by an orc priest

Illustrated notes

Levels and vault maps discovered:
D:1:      enne_arrival_octagon_isle, layout_loops_ring, nrook_campfire,
          chequers_decorated_corner
D:2:      layout_loops_ring, minmay_quantized

Skill      XL: |  1  2  3 |
---------------+----------+-----
Fighting       | 1 |  1.4
Dodging        | 2 |  2.0
Spellcasting   | 2 |  2.0
Transmutations | 2 |  2.0
Stealth        | 1 |  1.0
Poison Magic   | 1 |  1.2
Unarmed Combat | 3 |  3.0

Action                   || total
-------------------------++-------
Melee: Unarmed           ||    83
       Kick              ||    24
       Headbutt          ||     9
 Cast: Beastly Appendage ||    17
Armor: Robe              ||    10
Dodge: Dodged            ||    42

Table legend: (Time is in decaauts)
 A = Elapsed time spent in this place.
 B = Non-inter-level travel time spent in this place.
 C = Inter-level travel time spent in this place.
 D = Time resting spent in this place.
 E = Time spent auto-exploring this place.
 F = Levels seen in this place.
 G = Mean time per level.
                   A        B        C        D        E       F      G
               +--------+--------+--------+--------+--------+-----+--------+
         Total |   1341 |   1337 |      4 |      0 |   1122 |   2 |  670.5 |
       Dungeon |   1341 |   1337 |      4 |      0 |   1122 |   2 |  670.5 |
               +--------+--------+--------+--------+--------+-----+--------+

Top non-repeatable levels by time:
     D:1: 957 daAuts
     D:2: 384 daAuts
